 Dungeon Crawl Stone Soup version 0.17-a0-1322-g2a080e7 (webtiles) character file.

453 Quirk the Skirmisher (level 7, 0/44 HPs)
             Began as a Gargoyle Fighter on June 9, 2015.
             Was a Follower of Okawaru.
             Slain by a goblin (3 damage)
             ... on level 4 of the Dungeon.
             The game lasted 00:07:29 (2280 turns).

Quirk the Skirmisher (Gargoyle Fighter)             Turns: 2280, Time: 00:07:29

Health: 0/44       AC: 14    Str: 21    XL:     7   Next: 5%
Magic:  7/7        EV:  8    Int:  9    God:    Okawaru [*.....]
Gold:   108        SH:  9    Dex:  9    Spells: 0 memorised, 6 levels left

rFire  . . .     SeeInvis .     a - +0 flail
rCold  . . .     Clarity  .     b - +0 scale mail
rNeg   + . .     SustAt   .     c - +0 shield
rPois  ∞         Gourm    .     k - +0 helmet
rElec  +         Spirit   .     s - +0 cloak
rCorr  .         Warding  .     (no gloves)
rMut   .         Rnd*Tele +     (no boots)
MR     .....                    (no amulet)
Stlth  +.........               (no ring)
                                w - ring of teleportation (curse)

@: not resistant to hostile enchantments, very unstealthy
A: negative energy resistance 1, electricity resistance, unbreathing,
petrification resistance, rot immunity, AC +4
a: Heroism, Renounce Religion, Evoke Teleportation


You were on level 4 of the Dungeon.
You worshipped Okawaru.
Okawaru was aware of your devotion.
You were not hungry.

You visited 1 branch of the dungeon, and saw 4 of its levels.

You collected 108 gold pieces.

Inventory:

Hand weapons
 a - a +0 flail (weapon)
Armour
 b - a +0 scale mail (worn)
 c - a +0 shield (worn)
 k - a +0 helmet (worn)
 s - a +0 cloak (worn)
Jewellery
 w - a cursed ring of teleportation (left hand)
Magical devices
 t - a wand of polymorph (13)
Scrolls
 f - 2 scrolls of identify
 g - a scroll of fog
 h - a scroll of recharging
 i - a scroll of fear {unknown}
 o - a scroll of amnesia {unknown}
 v - a scroll of enchant weapon {unknown}
Potions
 j - a potion of curing
 l - a potion of brilliance
 m - a potion of degeneration {unknown}
 n - 3 potions of flight
Comestibles
 e - 5 bread rations
 p - 2 slices of pizza
 q - a chunk of flesh
 r - 2 meat rations
 u - a beef jerky


   Skills:
 + Level 4.7 Fighting
 + Level 3.3 Maces & Flails
 + Level 4.6 Armour
 + Level 1.9 Dodging
 + Level 3.2 Stealth
 + Level 4.3 Shields


You had 6 spell levels left.
You didn't know any spells.

Dungeon Overview and Level Annotations

Branches:
Dungeon (4/15)
 Temple: D:4-7

Altars:
Ashenzari
Cheibriados
Okawaru
Sif Muna
Yredelemnul


Innate Abilities, Weirdness & Mutations

You are resistant to torment.
Your stone body is resilient (AC +4).
You are immune to poison.
You resist negative energy.
You are resistant to electric shocks.
You can survive without breathing.
You are immune to petrification.
You are immune to rotting.


Message History

You kill the ogre!
Okawaru is honoured by your kill.
You have reached level 7!
You closely miss the goblin. The goblin barely misses you.
You hit the goblin.
The goblin is moderately wounded.
The goblin hits you.
* * * LOW HITPOINT WARNING * * *
You block the goblin's attack.
You barely miss the goblin.
The goblin is moderately wounded.
The goblin hits you.
* * * LOW HITPOINT WARNING * * *
You barely miss the goblin.
The goblin is moderately wounded.
You block the goblin's attack.
You barely miss the goblin.
The goblin is moderately wounded.
The goblin barely misses you. The goblin hits you.
You die...

###.....#.#####..#
###.....#.# ##.#
..#.......# #.#
..#<...#### #.#
..#....# #.#
..###### #.# ..#
#.# ..# #.# [.#
#@# ..# #g# ..#
.......o)...# ###
...............
...............
############...
##### ## ####...#
.......#


You could see an orc and a goblin.

Vanquished Creatures
  Grinder (D:3)
  An ogre (D:4)
  An orc wizard (D:4)
  5 adders
  An ooze (D:3)
  3 worms (D:2)
  A giant gecko (D:2)
  4 orcs (D:4)
  4 giant cockroaches
  9 goblins
  9 hobgoblins
  A ball python (D:3)
  9 bats
  3 giant newts
  16 jackals
  9 kobolds
  12 rats
89 creatures vanquished.

Notes
Turn   | Place    | Note
--------------------------------------------------------------
     0 | D:1      | Quirk the Gargoyle Fighter began the quest for the Orb.
     0 | D:1      | Reached XP level 1. HP: 14/14 MP: 1/1
   102 | D:1      | Reached skill level 1 in Stealth
   102 | D:1      | Reached XP level 2. HP: 19/19 MP: 2/2
   301 | D:1      | Reached XP level 3. HP: 24/24 MP: 3/3
   815 | D:2      | Reached XP level 4. HP: 24/29 MP: 4/4
   822 | D:2      | Found a shattered altar of Ashenzari.
   857 | D:2      | Reached skill level 1 in Dodging
  1401 | D:3      | Reached skill level 4 in Armour
  1431 | D:3      | Found a basalt altar of Yredelemnul.
  1482 | D:3      | Found an iron altar of Okawaru.
  1523 | D:3      | Became a worshipper of Warmaster Okawaru
  1620 | D:3      | Found a deep blue altar of Sif Muna.
  1666 | D:3      | Reached XP level 5. HP: 33/33 MP: 5/5
  1687 | D:3      | Found a snail-covered altar of Cheibriados.
  1832 | D:3      | Noticed Grinder
  1842 | D:3      | Paralysed by Grinder for 6 turns
  1851 | D:3      | Paralysed by Grinder for 7 turns
  1870 | D:3      | Paralysed by Grinder for 5 turns
  1879 | D:3      | Paralysed by Grinder for 7 turns
  1886 | D:3      | Killed Grinder
  1886 | D:3      | Acquired Okawaru's first power
  1886 | D:3      | Reached XP level 6. HP: 20/39 MP: 6/6
  2275 | D:4      | Reached XP level 7. HP: 5/44 MP: 7/7
  2278 | D:4      | HP: 2/44 [goblin (1)]
  2280 | D:4      | Slain by a goblin

Vault maps used:
D:1:      sevenhm_arrival_forest_fort_small_6
D:2:      evilmike_ruin_ashenzari, first_bread
D:3:      overflow_temple_1_default, led_sif_pool, okawaru_metal_pillars_1_2,
          yredelemnul_altar_generic, uniq_grinder
D:4:      gammafunk_temple_overflow_statue

Action                   |  1- 3 |  4- 6 |  7- 9 || total
-------------------------+-------+-------+-------++-------
Melee: Flail             |   158 |   212 |     5 ||   375
  Use: Scroll            |     4 |     2 |       ||     6
       Potion            |       |     5 |       ||     5
  Eat: Chunk             |       |     5 |       ||     5
